 Dungeon Crawl Stone Soup version 0.19-a0-36-g4a0968a (webtiles) character file.

30737 mrath the Basher (level 13, -3/116 HPs)
             Began as a Minotaur Fighter on May 4, 2016.
             Was a High Priest of Okawaru.
             Slain by a frost giant
             ... wielding a +2 battleaxe of freezing
              (11 damage)
             ... in an ice cave.
             The game lasted 01:46:17 (18887 turns).

mrath the Basher (Minotaur Fighter)                Turns: 18887, Time: 01:46:18

Health: -3/116     AC: 22    Str: 25    XL:     13   Next: 22%
Magic:  0/17       EV: 13    Int:  5    God:    Okawaru [*****.]
Gold:   270        SH: 20    Dex: 11    Spells: 0 memorised, 12 levels left

rFire  + . .     SeeInvis .     G - +6 mace "Gutzifyu" {freeze, rPois}
rCold  . . .     Gourm    .     E - +6 plate armour of Divine Intervention {rN+}
rNeg   + . .     Faith    .     q - +0 large shield
rPois  +         Spirit   +     (helmet restricted)
rElec  .         Dismiss  .     h - +0 cloak
rCorr  .         Reflect  .     C - -6 pair of gloves of Beogh's Hope {*Contam rF+ Stlth+}
SustAt .         Harm     .     (no boots)
MR     .....                    K - amulet of guardian spirit
Stlth  ..........               p - +4 ring of slaying
                                s - +3 ring of evasion

@: heroism, finesse, not resistant to hostile enchantments, extremely unstealthy
A: retaliatory headbutt, hooves 1, horns 2, slimy green scales 1
a: Heroism, Finesse, Renounce Religion


You were in an ice cave.
You worshipped Okawaru.
Okawaru was extremely pleased with you.
You were not hungry.

You visited 3 branches of the dungeon, and saw 17 of its levels.
You also visited: Ice Cave.

You collected 1188 gold pieces.
You spent 918 gold pieces at shops.

Inventory:

Hand Weapons
 l - a +0 whip of freezing
 m - a +0 mace of crushing
 G - the +6 mace "Gutzifyu" (weapon) {freeze, rPois}
   (You found it in an ice cave)

   It has been specially enchanted to freeze those struck by it, causing extra
   injury to most foes and up to half again as much damage against particularly
   susceptible opponents.
   It can also slow down cold-blooded creatures.
   It protects you from poison.
 I - a +1 mace of venom
 Q - a +1 hunting sling of velocity
Missiles
 e - 13 javelins of returning (quivered)
 j - 46 sling bullets
 y - 4 javelins
 J - 19 tomahawks
Armour
 c - a +0 shield
 h - a +0 cloak (worn)
 q - a +0 large shield (worn)
 v - a +0 plate armour
 C - the -6 pair of gloves of Beogh's Hope (worn) {*Contam rF+ Stlth+}
   (You found it on level 1 of the Lair of Beasts)

   It protects you from fire.
   It causes magical contamination when unequipped.
   It makes you more stealthy.
 E - the +6 plate armour of Divine Intervention (worn) {rN+}
   (You bought it in a shop on level 11 of the Dungeon)

   It protects you from negative energy.
Jewellery
 p - a +4 ring of slaying (right hand)
 s - a +3 ring of evasion (left hand)
 K - an amulet of guardian spirit (around neck)
Wands
 o - a wand of iceblast (6/15)
 z - a wand of flame (32/48)
 B - a wand of lightning (7/15)
 H - a wand of disintegration (13/24)
 L - a wand of flame (23/48)
 R - a wand of disintegration (9/24)
Scrolls
 a - a scroll of recharging
 g - a scroll of acquirement {unknown}
 i - a scroll of random uselessness {unknown}
 n - 6 scrolls of remove curse
 t - a scroll of fog {unknown}
 D - 3 scrolls of identify
 T - 4 scrolls of teleportation
Potions
 d - a potion of might
 f - a potion of brilliance {unknown}
 k - 2 potions of heal wounds
 r - 3 potions of berserk rage
 u - a potion of resistance {unknown}
 w - a potion of cancellation {unknown}
 x - 2 potions of flight
 F - a potion of mutation {unknown}
 M - a potion of ambrosia {unknown}
 N - a potion of agility
 O - a potion of lignification
 P - 4 potions of curing
Miscellaneous
 W - a box of beasts
Comestibles
 b - 2 beef jerkies
 A - 6 chunks of flesh


   Skills:
 + Level 11.0(16.0) Fighting
 + Level 13.9(18.9) Maces & Flails
 + Level 7.1(12.1) Throwing
 + Level 9.8(14.8) Armour
 + Level 8.0(13.0) Dodging
 + Level 9.2(14.2) Shields
 + Level 6.1 Invocations
 + Level 6.8 Evocations


You had 12 spell levels left.
You didn't know any spells.

Dungeon Overview and Level Annotations

Branches:
Dungeon (12/15)            Temple (1/1) D:5            Lair (4/8) D:8
    Orc (0/2) D:10
  Swamp: Lair:3-6    Shoals: Lair:3-6     Snake: Lair:3-6    Spider: Lair:3-6

Altars:
Ashenzari
Cheibriados
Dithmenos
Elyvilon
Fedhas
Gozag
Kikubaaqudgha
Makhleb
Nemelex Xobeh
Okawaru
Qazlal
Sif Muna
Trog
Vehumet
Xom
Yredelemnul
Zin
The Shining One

Shops:
D:6 !   D:9 !   D:11 [

Annotations:
D:5 Dowan


Innate Abilities, Weirdness & Mutations

You reflexively headbutt those who attack you in melee.
You have a pair of horns on your head.
You have large cloven feet.
You are partially covered in slimy green scales (AC +2).


Message History

You see here a polar bear corpse.
You thump the frost giant! You freeze the frost giant.
You headbutt the frost giant, but do no damage.
The frost giant is lightly wounded.
The frost giant gestures at you while chanting.
The bolt of cold misses you.
You sock the frost giant!
You kick the frost giant, but do no damage.
You headbutt the frost giant.
The frost giant is moderately wounded.
You sock the frost giant!
You kick the frost giant, but do no damage.
The frost giant is moderately wounded.
You thump the frost giant! You kick the frost giant.
You headbutt the frost giant, but do no damage.
The frost giant is heavily wounded.
The frost giant hits you with a battleaxe of freezing!!
* * * LOW HITPOINT WARNING * * *
The frost giant freezes you!
You die...

##### ##.#.## ##########
###.⌠.#.########@Ch##.hh#
≈###.###.#..#...##.h.##...#
≈≈#######..#..########
#h...# #≈≈≈#≈≈.#####..#
#..... ##≈≈≈≈#≈..##..##
#.... #≈≈#≈≈≈##...### ..##
≈####≈≈≈##### ## ##
≈≈≈≈#≈≈# ###≈≈≈≈≈≈≈≈≈


You could see a frost giant and 2 polar bears.

Vanquished Creatures
  Snorg (Lair:3)
  A fire dragon (D:9)
  Josephine (D:10)
  The ghost of ololoev the Cleaver, a journeyman HOFi of Okawaru (IceCv)
  Erica (D:10)
  A death yak (IceCv)
  Urug (D:11)
  The ghost of zkyp the Carver, a novice HuFi (D:7)
  The ghost of Sl000nik the Fighter, a novice HOFi (D:6)
  Pikel (D:7)
  A griffon (Lair:2)
  An ugly thing (D:11)
  2 black mambas
  3 centaur zombies
  An ice statue (IceCv)
  A gargoyle (D:10)
  6 spiny frogs
  A rime drake (Lair:3)
  A komodo dragon (Lair:3)
  8 polar bears (IceCv)
  9 blink frogs
  4 slime creatures (D:8)
  A wyvern (D:9)
  28 yaks
  6 wraiths
  A basilisk (Lair:2)
  A hungry ghost (D:11)
  3 hippogriffs
  A steam dragon (D:8)
  Duvessa (D:5)
  5 water moccasins
  4 porcupines
  2 orc warriors
  3 black bears
  2 sky beasts
  2 ice beasts
  A necrophage (D:5)
  2 phantoms
  3 ogres
  16 wolves (IceCv)
  4 centaurs
  7 crocodiles
  A gnoll sergeant (D:6)
  11 giant frogs
  A water moccasin zombie (D:9)
  7 scorpions
  7 killer bees
  3 wights (D:10)
  3 howler monkeys (D:7)
  An electric eel (Lair:3)
  3 crimson imps
  9 orc priests
  3 centaur skeletons
  A giant frog zombie (D:8)
  2 hounds (D:4)
  3 jellies
  14 orc wizards
  An iguana (Lair:3)
  Ijyb (D:3)
  3 giant frog skeletons
  8 worker ants
  4 hell rats (Lair:1)
  12 sheep
  2 hound zombies
  A hound skeleton (D:4)
  5 gnolls (D:6)
  7 adders
  A howler monkey skeleton (D:10)
  44 river rats
  12 white imps (D:12)
  2 oozes
  A worm (D:3)
  5 giant geckos
  45 orcs
  11 giant cockroaches
  6 goblins
  3 hobgoblins
  7 jackals
  3 kobolds
  4 quokkas
  5 bats
  3 giant newts
  A jackal skeleton (D:7)
  A quokka skeleton (D:6)
  28 rats
  A fungus (D:8)
437 creatures vanquished.

Vanquished Creatures (others)
  A death yak (IceCv)
  A polar bear (IceCv)
  A slave (D:7)
  A centaur (D:7)
  A wolf (IceCv)
  A jelly (D:7)
6 creatures vanquished.

Grand Total: 443 creatures vanquished

Notes
Turn   | Place    | Note
--------------------------------------------------------------
     0 | D:1      | mrath the Minotaur Fighter began the quest for the Orb.
     0 | D:1      | Reached XP level 1. HP: 19/19 MP: 0/0
   259 | D:1      | Reached skill level 3 in Maces & Flails
   432 | D:1      | Reached XP level 2. HP: 26/26 MP: 1/1
  1053 | D:2      | Reached skill level 4 in Maces & Flails
  1225 | D:2      | Reached XP level 3. HP: 15/31 MP: 2/2
  1985 | D:3      | Reached skill level 5 in Maces & Flails
  2033 | D:3      | Reached XP level 4. HP: 33/39 MP: 3/3
  2195 | D:3      | Noticed Ijyb
  2209 | D:3      | Killed Ijyb
  2209 | D:3      | Reached skill level 6 in Maces & Flails
  2503 | D:3      | Reached XP level 5. HP: 38/45 MP: 4/4
  2652 | D:3      | Reached skill level 7 in Maces & Flails
  2734 | D:4      | Reached XP level 6. HP: 49/51 MP: 5/5
  2751 | D:4      | Reached skill level 8 in Maces & Flails
  3053 | D:4      | Reached skill level 9 in Maces & Flails
  3146 | D:4      | Reached XP level 7. HP: 57/57 MP: 6/6
  3499 | D:4      | Reached skill level 10 in Maces & Flails
  3848 | D:5      | Entered Level 5 of the Dungeon
  3988 | D:5      | Noticed Dowan
  3992 | D:5      | Noticed Duvessa
  4004 | D:5      | Killed Duvessa
  4479 | D:5      | Reached skill level 11 in Maces & Flails
  4497 | D:5      | Reached XP level 8. HP: 56/64 MP: 7/7
  4971 | D:5      | Found a staircase to the Ecumenical Temple.
  4988 | Temple   | Entered the Ecumenical Temple
  5006 | Temple   | Became a worshipper of Warmaster Okawaru
  5046 | D:5      | Reached skill level 1 in Dodging
  5277 | D:6      | Reached skill level 1 in Throwing
  5277 | D:6      | Reached skill level 1 in Evocations
  5339 | D:6      | Found Ullode's Distillery.
  5776 | D:6      | Noticed Sl000nik's ghost (novice HOFi)
  5912 | D:6      | Killed Sl000nik's ghost
  5912 | D:6      | Reached * piety under Okawaru
  5912 | D:6      | Reached skill level 5 in Armour
  5912 | D:6      | Reached skill level 5 in Shields
  5912 | D:6      | Reached XP level 9. HP: 72/72 MP: 9/9
  5933 | D:6      | Bought a potion of agility for 44 gold pieces
  5933 | D:6      | Bought a potion of lignification for 33 gold pieces
  5933 | D:6      | Bought a potion of curing for 33 gold pieces
  5937 | D:6      | Gained mutation: You are partially covered in slimy green scales (AC +2). [potion of beneficial mutation]
  5938 | D:6      | Gained mutation: You have large cloven feet. [potion of beneficial mutation]
  6114 | D:6      | Found a glowing golden altar of the Shining One.
  6114 | D:6      | Found a radiant altar of Vehumet.
  6412 | D:7      | Noticed zkyp's ghost (novice HuFi)
  6440 | D:7      | Killed zkyp's ghost
  6440 | D:7      | Reached skill level 5 in Fighting
  6559 | D:7      | Noticed Pikel
  6747 | D:7      | Killed Pikel
  6747 | D:7      | Reached ** piety under Okawaru
  6747 | D:7      | Reached skill level 12 in Maces & Flails
  7580 | D:8      | Reached XP level 10. HP: 83/83 MP: 11/11
  7716 | D:8      | Found a staircase to the Lair.
  7942 | D:8      | Reached *** piety under Okawaru
  7942 | D:8      | Reached skill level 1 in Invocations
  8450 | Lair:1   | Entered Level 1 of the Lair of Beasts
  8461 | Lair:1   | Noticed a spiny frog
  8474 | Lair:1   | Killed a spiny frog
  8526 | Lair:1   | Noticed a black mamba
  8532 | Lair:1   | Killed a black mamba
  8838 | Lair:1   | Got a pair of warped gloves
  8844 | Lair:1   | Identified the cursed -6 pair of gloves of Beogh's Hope {*Contam rF+ Stlth+} (You found it on level 1 of the Lair of Beasts)
  8847 | Lair:1   | Noticed a spiny frog
  8853 | Lair:1   | Killed a spiny frog
  9151 | Lair:1   | Reached skill level 5 in Dodging
  9216 | Lair:1   | Reached **** piety under Okawaru
  9795 | Lair:1   | Noticed a spiny frog
  9810 | Lair:1   | Killed a spiny frog
 10398 | Lair:2   | Noticed a spiny frog
 10407 | Lair:2   | Reached XP level 11. HP: 90/94 MP: 13/13
 10757 | Lair:2   | Found a shattered altar of Ashenzari.
 10980 | Lair:2   | Reached skill level 5 in Throwing
 10997 | Lair:2   | Reached ***** piety under Okawaru
 11473 | Lair:2   | Noticed a griffon
 11487 | Lair:2   | Killed a griffon
 12127 | Lair:3   | Received a gift from Okawaru
 12250 | Lair:3   | Reached skill level 5 in Evocations
 12434 | Lair:3   | Noticed Snorg
 12454 | Lair:3   | Killed Snorg
 12454 | Lair:3   | Reached skill level 13 in Maces & Flails
 12888 | Lair:3   | Received a gift from Okawaru
 13577 | Lair:3   | Received a gift from Okawaru
 13599 | Lair:3   | Reached XP level 12. HP: 71/106 MP: 9/15
 14126 | D:9      | Found Nudus's Distillery.
 14143 | D:9      | Bought a potion of degeneration for 13 gold pieces
 14828 | D:9      | Noticed a fire dragon
 14864 | D:9      | Killed a fire dragon
 14925 | D:9      | Bought a potion of flight for 39 gold pieces
 15195 | D:9      | Got a pair of heavily runed gloves
 15598 | Lair:1   | Reached skill level 10 in Fighting
 15646 | D:10     | Entered Level 10 of the Dungeon
 15804 | D:10     | Noticed Erica
 15809 | D:9      | Reached skill level 5 in Invocations
 15971 | D:10     | Noticed Josephine
 16500 | D:10     | Killed Josephine
 16574 | D:10     | Killed Erica
 16744 | D:10     | Found a staircase to the Orcish Mines.
 17285 | D:11     | Received a gift from Okawaru
 17560 | D:11     | Noticed Urug
 17582 | D:11     | Killed Urug
 17641 | D:11     | Found Qomu's Antique Armour Boutique.
 17650 | D:11     | Bought a faintly glowing plate armour for 756 gold pieces
 17660 | D:11     | Identified the +6 plate armour of Divine Intervention {rN+} (You bought it in a shop on level 11 of the Dungeon)
 17916 | D:12     | Received a gift from Okawaru
 17923 | D:12     | Found a frozen archway.
 17977 | IceCv    | Entered an ice cave
 18008 | IceCv    | Killed a death yak
 18257 | IceCv    | Got a translucent mace
 18273 | IceCv    | Identified the +6 mace "Gutzifyu" {freeze, rPois} (You found it in an ice cave)
 18517 | IceCv    | Noticed a death yak
 18534 | IceCv    | Killed a death yak
 18534 | IceCv    | Received a gift from Okawaru
 18534 | IceCv    | Reached XP level 13. HP: 96/114 MP: 7/16
 18731 | IceCv    | Noticed ololoev's ghost (journeyman HOFi)
 18757 | IceCv    | Killed ololoev's ghost
 18854 | IceCv    | Noticed a frost giant
 18887 | IceCv    | Slain by a frost giant

Vault maps used:
D:1:      dpeg_arrival_circle_labyrinth_a, minmay_misc_feat_rugged,
          minmay_misc_feat_square, corexii_item_surrounded_by_moat, minivault_5,
          hangedman_decor_push, minivault_25
D:2:      first_bread, serial_forest, infiniplex_forest_straight_3,
          infiniplex_forest_clump_tiny, infiniplex_forest_lined_room_3,
          infiniplex_forest_zigzag_1, infiniplex_forest_lined_corner,
          infiniplex_forest_straight_2, infiniplex_forest_end_double,
          infiniplex_forest_side_room, kennysheep_potato
D:3:      uniq_iyjb
D:5:      minmay_temple_entry_purple_smoke, uniq_duvessa
D:6:      gammafunk_temple_overflow_statue, serial_shops,
          nicolae_shop_statue_plus
D:7:      uniq_pikel
D:8:      dpeg_oklobed_lair
D:9:      dragon1_lemuel, serial_shops, shop
D:10:     david_orc_3, uniq_josephine, uniq_erica
D:11:     serial_shops, nicolae_shop_waterfront, uniq_urug
D:12:     portal_ice_cave_entry_imps
Temple:   grunt_circular_temple_18
Lair:1:   lemuel_ratsnest
Lair:2:   basic_altar
Lair:3:   infiniplex_staircase_pool, uniq_snorg
Lair:4:   minmay_swamp_entry_reptiles
IceCv:    ice_cave_caverns_03

Skill      XL: |  1  2  3  4  5  6  7  8  9 10 11 12 13 |
---------------+----------------------------------------+-----
Maces & Flails | 3 4 5 6 7 9 11 12 13 | 13.9
Dodging        | 2 4 5 6 7 8 |  8.0
Armour         | 5 6 7 8 9 |  9.8
Fighting       | 4 5 8 9 10 11 | 11.0
Throwing       | 2 4 5 6 7 |  7.1
Shields        | 5 6 7 9 |  9.2
Evocations     | 2 3 4 5 6 |  6.8
Invocations    | 3 4 5 6 |  6.1

Action                   |  1- 3 |  4- 6 |  7- 9 | 10-12 | 13-15 || total
-------------------------+-------+-------+-------+-------+-------++-------
Melee: Flail             |    91 |   143 |   362 |   197 |       ||   793
       Headbutt          |     8 |    21 |    69 |   198 |    33 ||   329
       Kick              |       |       |    36 |   321 |    38 ||   395
       Mace              |       |       |       |   695 |    95 ||   790
Throw: Tomahawk          |       |       |     1 |    12 |       ||    13
       Javelin           |       |       |       |     7 |     4 ||    11
Invok: Heroism           |       |       |     1 |    14 |     3 ||    18
       Finesse           |       |       |       |     5 |     1 ||     6
  Use: Potion            |       |       |     4 |     3 |       ||     7
       Scroll            |       |       |     6 |     5 |       ||    11
  Eat: Chunk             |     2 |     1 |    11 |    28 |     2 ||    44
       Bread ration      |       |     1 |       |       |       ||     1
       Pizza             |       |       |     1 |     2 |       ||     3
       Beef jerky        |       |       |     1 |     2 |       ||     3
       Fruit             |       |       |     1 |     4 |       ||     5
Armor: Scale mail        |    33 |       |       |       |       ||    33
       Plate armour      |     5 |    81 |   141 |   195 |    21 ||   443
Dodge: Dodged            |    24 |    25 |    89 |   289 |    21 ||   448
Block: Shield            |    35 |    83 |   140 |   319 |       ||   577
       Large shield      |       |       |       |   133 |    62 ||   195
